AoeStats
← Yang

Black Forest

507896820Analyzed
4v4 RM · 14d ago on Sep 20, 2026· 39m 27s· 8 players
Game mode
Random Map
Map size
Large (8 player)
Population
200
Speed
Normal
Resources
Standard
Victory
Conquest
Starting age
Dark Age
Ending age
Imperial Age
RankedLock teamsTeams togetherTeam positionsShared explorationLock speedFull tech treeHidden civsTurbo modeCheats
Victory
Defeat
🇦🇷 Malay · Argentina
1091
+15
🇹🇼 Wu · Taiwan
1029
+17
🇲🇽 Khmer · Mexico
1008
+18
🇦🇷 Britons · Argentina
927
+21
🇧🇴 Khitans · Bolivia
1110
-20
🇯🇵 Ethiopians · Japan
1081
-19
🇧🇴 Spanish · Bolivia
1040
-17
🇧🇴 Britons · Bolivia
995
-15
xXRedHoodXx
10:00 Feudal Age
13:04 Castle Age
11:48 Double-Bit Axe
18:53 Horse Collar
20:01 Bow Saw
22:28 Loom
27:01 Wheelbarrow
30:36 Imperial Age
28:23 Hand Cart
30:27 Gold Mining
30:28 Stone Mining
31:27 Forging
31:22 Scale Barding Armor
32:00 Husbandry
32:11 Bloodlines
31:22 Elite Battle Elephant
32:08 Tusk Swords
32:28 Conscription
33:00 Gold Shaft Mining
33:00 Stone Shaft Mining
33:26 Iron Casting
33:11 Chain Barding Armor
34:33 Plate Barding Armor
35:06 Blast Furnace
35:46 Heavy Plow
36:46 Devotion
36:40 Fletching
36:33 Light Cavalry
38:04 Hussar
39:26 Town Watch
O' FENOMENO.
11:23 Feudal Age
14:54 Castle Age
13:27 Double-Bit Axe
13:25 Horse Collar
17:52 Bow Saw
20:23 Heavy Plow
23:19 Wheelbarrow
24:34 Hand Cart
26:15 Gold Mining
27:52 Gold Shaft Mining
30:28 Imperial Age
28:15 Town Watch
28:15 Loom
28:45 Forging
28:42 Scale Barding Armor
28:39 Husbandry
30:48 Iron Casting
30:48 Crop Rotation
30:23 Elite Battle Elephant
32:25 Chemistry
33:31 Blast Furnace
33:22 Stone Mining
Hank饅頭
1:51 Loom
12:22 Feudal Age
13:32 Double-Bit Axe
17:09 Castle Age
15:02 Gold Mining
18:59 Gold Shaft Mining
18:36 Bow Saw
18:17 Horse Collar
20:53 Elite Skirmisher
23:39 Stone Mining
27:01 Padded Archer Armor
27:40 Heavy Plow
29:57 Crossbowman
34:07 Imperial Age
32:05 Fletching
33:44 Wheelbarrow
34:32 Stone Shaft Mining
34:55 Arbalester
36:00 Conscription
36:57 Bodkin Arrow
37:17 Leather Archer Armor
38:07 Ballistics
aiR
11:16 Feudal Age
18:29 Castle Age
29:15 Crossbowman
30:09 Padded Archer Armor
30:00 Fletching
33:30 Wheelbarrow
32:36 Horse Collar
32:44 Double-Bit Axe
34:41 Bodkin Arrow
35:22 Leather Archer Armor
39:40 Imperial Age
38:13 Hand Cart
39:49 Heavy Plow
40:01 Bow Saw
40:18 Ballistics
168kcal
0:51 Loom
11:54 Feudal Age
12:56 Double-Bit Axe
15:33 Castle Age
14:52 Horse Collar
15:07 Stone Mining
16:35 Bow Saw
18:01 Fletching
19:56 Horse Collar
30:11 Imperial Age
28:13 Town Watch
29:56 Wheelbarrow
29:37 Crossbowman
31:22 Bodkin Arrow
32:17 Town Patrol
32:19 Padded Archer Armor
34:16 Two-Man Saw
33:23 Heavy Plow
34:01 Fortified Wall
34:29 Ballistics
34:19 Arbalester
35:48 Hand Cart
35:45 Thumb Ring
35:57 Leather Archer Armor
35:49 Bracer
38:50 Chemistry
Yang
1:28 Loom
12:53 Feudal Age
16:57 Castle Age
15:58 Double-Bit Axe
26:43 Gold Mining
29:21 Stone Mining
31:56 Bow Saw
Dahaka
0:48 Loom
12:42 Feudal Age
14:40 Double-Bit Axe
14:39 Domestication
20:56 Castle Age
20:17 Gold Mining
22:36 Wheelbarrow
22:37 Bow Saw
26:28 Imperial Age
26:02 Forging
26:55 Scale Barding Armor
28:05 Hand Cart
32:13 Chemistry
32:30 Scale Mail Armor
32:53 Chain Barding Armor
33:09 Iron Casting
33:23 Stone Mining
34:49 Two-Man Saw
33:52 Pastoralism
34:35 Ballistics
34:19 Elite Steppe Lancer
36:33 Transhumance
38:58 Fletching
39:09 Padded Archer Armor
39:41 Husbandry
Axel
5:27 Loom
11:55 Feudal Age
16:03 Castle Age
14:44 Horse Collar
14:51 Double-Bit Axe
Connection lost

Rejoining the realm…

Still unreachable

The connection could not be restored.

Session expired

The server has moved on; the page needs a fresh start.